 Dungeon Crawl Stone Soup version 0.24.1 (webtiles) character file.

Game seed: 10332298213192251499, levelgen mode: deterministic

29594 Kahsius the Severer (level 13, -4/114 HPs)
             Began as a Minotaur Berserker on Mar 27, 2020.
             Was a High Priest of Trog.
             Slain by Jabu's ghost (16 damage)
             ... on level 1 of the Orcish Mines on Mar 31, 2020.
             The game lasted 00:40:22 (16477 turns).

Kahsius the Severer (Minotaur Berserker)           Turns: 16477, Time: 00:40:22

Health: -4/114     AC: 21    Str: 22      XL:     13   Next: 16%
Magic:  22/22      EV:  7    Int:  9 (12) God:    Trog [*****.]
Gold:   1071       SH:  0    Dex: 18 (19) Spells: 12/12 levels left

rFire    + + .     SeeInvis .   F - +10 executioner's axe "Zotwor" {drain, rF+ Int+3}
rCold    + . .     Gourm    .   (shield currently unavailable)
rNeg     . . .     Faith    .   K - +0 plate armour
rPois    .         Spirit   .   W - +3 hat of Pondering {ponderous, MR+ MP+10 Int+5}
rElec    .         Reflect  .   B - scarf {rC+ rF+}
rCorr    .         Harm     +   V - +1 pair of gloves
MR       +++..                  (no boots)
Stlth    ..........             U - amulet of harm
HPRegen  1.29/turn              I - +5 ring of protection
MPRegen  0.18/turn              Q - +4 ring of dexterity

@: about to teleport, berserk cooldown, regenerating, slowed, very slow
A: retaliatory headbutt, horns 2, frail 1
a: Berserk, Trog's Hand, Brothers in Arms, Renounce Religion


You were on level 1 of the Orcish Mines.
You worshipped Trog.
Trog was extremely pleased with you.
You were very hungry.

You visited 3 branches of the dungeon, and saw 16 of its levels.

You collected 1071 gold pieces.

Inventory:

Hand Weapons
 a - a +0 hand axe
 n - a +1 war axe
 C - a +3 battleaxe
 F - the +10 executioner's axe "Zotwor" (weapon) {drain, rF+ Int+3}
   (Trog gifted it to you on level 8 of the Dungeon)

   A truly terrible weapon, it drains the life of those it strikes.
   It affects your intelligence (+3).
   It protects you from fire.
Armour
 o - a +2 buckler
 s - a +0 chain mail
 v - a +1 pair of gloves
 x - a scarf of resistance
 B - a scarf of resistance (worn)
 K - a +0 plate armour (worn)
 V - a +1 pair of gloves (worn)
 W - the +3 hat of Pondering (worn) {ponderous, MR+ MP+10 Int+5}
   (You took it off Gastronok on level 3 of the Lair of Beasts)

   It affects your intelligence (+5).
   It affects your resistance to hostile enchantments.
   It affects your magic capacity (+10).
Jewellery
 t - a +3 ring of dexterity
 u - an uncursed ring of fire
 E - an uncursed amulet of the gourmand {unknown}
 I - a +5 ring of protection (left hand)
 Q - a +4 ring of dexterity (right hand)
 U - an amulet of harm (around neck)
Wands
 L - a wand of disintegration (13)
 R - a wand of flame (15)
 S - a wand of iceblast (9)
 Y - a wand of polymorph (12)
Scrolls
 b - 3 scrolls of fear
 f - 7 scrolls of identify
 h - 2 scrolls of fog
 i - 5 scrolls of teleportation
 p - 2 scrolls of magic mapping {unknown}
 q - 9 scrolls of remove curse
 y - 4 scrolls of blinking
 G - 2 scrolls of enchant armour {unknown}
 N - 4 scrolls of enchant weapon
 O - 2 scrolls of immolation {unknown}
 T - a scroll of noise {unknown}
Potions
 d - 2 potions of lignification {unknown}
 e - a potion of brilliance {unknown}
 g - 4 potions of might
 j - 2 potions of haste {unknown}
 k - 4 potions of curing
 l - 3 potions of agility {unknown}
 m - 4 potions of heal wounds {unknown}
 r - 2 potions of flight {unknown}
 z - 2 potions of cancellation {unknown}
 A - 2 potions of resistance
 D - 2 potions of magic {unknown}
 H - 3 potions of berserk rage {unknown}
 J - 2 potions of degeneration {unknown}
 M - a potion of ambrosia {unknown}
 X - a potion of invisibility {unknown}
Comestibles
 c - 18 rations
 w - 2 chunks of flesh


   Skills:
 + Level 15.2 Fighting
 * Level 20.1 Axes
 - Level 2.4 Armour
 - Level 2.1 Dodging


You had 12 spell levels left.
You didn't know any spells.
Your spell library was empty.

Dungeon Overview and Level Annotations

Branches:
Dungeon (11/15)            Temple (0/1) D:4            Lair (4/6) D:11
  Swamp (0/4) Lair:4        Snake (0/4) Lair:4          Orc (1/2) D:9

Altars:
Ashenzari
Elyvilon
Fedhas
Kikubaaqudgha
Makhleb
Okawaru
Qazlal
Sif Muna
Vehumet
Xom
Yredelemnul
Zin
Beogh

Shops:
Orc:1 (

Annotations:
Orc:1 1 transporter, Jabu's ghost, journeyman DsFi


Innate Abilities, Weirdness & Mutations

You reflexively headbutt those who attack you in melee.
You have a pair of horns on your head.
You are frail. (-10% HP)


Message History

You kill the neqoxec!
Trog accepts your kill.
The iron imp disappears in a puff of smoke!
The crimson imp disappears in a puff of smoke!
The white imp disappears in a puff of smoke!
You slash Jabu's ghost!
Jabu's ghost is lightly damaged.
You hit the quasit. The quasit closely misses you. You furiously retaliate!
You headbutt the quasit! The quasit barely misses you. The quasit claws you.
You feel clumsy. Jabu's ghost hits you!!
* * * LOW HITPOINT WARNING * * *
The quasit bites you but does no damage.
The quasit claws you but does no damage.
The quasit barely misses you.
The quasit bites you but does no damage.
The quasit barely misses you.
The quasit claws you but does no damage.
Jabu's ghost hits you!
You die...

..........########......#....##
...........##.....#.#...##....#
....._....##..###......###....##
..........##.##.#####...#......#
.........##..#...©..##..##.....##
##..#....##.##..#....##.#.......#
####.#..###.#.#...#...#......#.##
.##.....###.# .#5##§.##....##...#
####.#..#.#.##$#@W.#.#©.....##.##
.# ##........#[#.5.§.##....#####
## ##..#)..©#!=.©#...#..### #
#..)....#$.#...#.#.##
##.##..##.....#.##.#
#####.#..#.#...#..#
#.#..#.#...#.## #.##.......#.#
#..###.5.###.#


You could see 2 quasits and Jabu's ghost.

Vanquished Creatures
  Gastronok (Lair:3)
  The ghost of nightchill the Geomancer, a journeyman GrEE of Vehumet (Lair:2)
  4 hydras
  Fannar (Lair:1)
  2 two-headed ogres
  Erica (D:10)
  A cyclops (D:11)
  Psyche (D:8)
  8 spiny frogs
  5 komodo dragons
  A rime drake (Lair:4)
  3 trolls
  Grinder (D:5)
  2 hornets (Lair:2)
  10 blink frogs
  Prince Ribbit (D:8)
  6 dream sheep (Lair:4)
  7 hippogriffs
  A shadow (D:10)
  A wraith (D:10)
  A spriggan (D:7)
  A vampire (D:9)
  7 yaks (D:11)
  2 wyverns
  A hungry ghost (D:11)
  2 basilisks (D:11)
  3 neqoxecs (Orc:1)
  Menkaure (D:5)
  2 nagas (Lair:4)
  7 water moccasins
  6 orc warriors
  4 porcupines
  A sky beast (D:6)
  9 ogres
  A black bear (D:9)
  8 ice beasts
  4 phantoms
  8 wolves
  6 centaurs
  8 crocodiles
  11 bullfrogs
  3 wyvern skeletons
  6 scorpions
  10 wights
  3 howler monkeys
  3 electric eels (Lair:4)
  A bullfrog zombie (D:11)
  5 crimson imps
  2 quasits
  4 hounds
  A centaur skeleton (D:7)
  2 bullfrog skeletons
  4 orc priests
  3 jellies
  7 orc wizards
  Natasha (twice) (D:2)
  5 iguanas
  8 worker ants
  2 hound skeletons
  A howler monkey zombie (D:7)
  Robin (D:2)
  A worker ant zombie (D:8)
  11 gnolls
  11 adders
  A howler monkey skeleton (D:5)
  2 shadow imps (D:8)
  3 oozes
  An adder zombie (D:7)
  An adder skeleton (D:7)
  3 dart slugs
  6 leopard geckos
  65 orcs
  4 ball pythons
  6 bats
  5 giant cockroaches
  13 goblins
  9 hobgoblins
  2 jackals (D:7)
  5 quokkas
  A ball python zombie (D:5)
  11 frilled lizards
  7 kobolds
  3 leopard gecko skeletons
  A quokka skeleton (D:4)
  7 rats
  A plant (Lair:4)
404 creatures vanquished.

Vanquished Creatures (others)
  A human (D:9)
  4 fungi (Lair:4)
  32 plants
  2 withered plants (Lair:2)
39 creatures vanquished.

Grand Total: 443 creatures vanquished

Notes
Turn   | Place    | Note
-------+----------+-------------------------------------------
     0 | D:1      | Kahsius the Minotaur Berserker began the quest for the Orb.
     0 | D:1      | Reached XP level 1. HP: 19/19 MP: 0/0
   110 | D:1      | Reached skill level 4 in Axes
   215 | D:1      | Reached XP level 2. HP: 27/27 MP: 1/1
   736 | D:2      | Reached XP level 3. HP: 33/33 MP: 2/2
   756 | D:2      | Noticed Robin
   757 | D:2      | Reached ** piety under Trog
   766 | D:2      | Reached skill level 5 in Axes
   772 | D:2      | Killed Robin
  1054 | D:2      | Reached XP level 4. HP: 33/41 MP: 3/3
  1128 | D:2      | Noticed Natasha
  1137 | D:2      | Killed Natasha
  1200 | D:2      | Noticed Natasha
  1205 | D:2      | Killed Natasha
  1223 | D:2      | Reached skill level 6 in Axes
  1232 | D:2      | Reached XP level 5. HP: 35/47 MP: 4/4
  1258 | D:2      | Reached skill level 5 in Fighting
  1306 | D:2      | Found an iron altar of Okawaru.
  1722 | D:3      | Reached *** piety under Trog
  2234 | D:3      | Found a stormy altar of Qazlal.
  2484 | D:4      | Noticed an ogre
  2500 | D:4      | HP: 2/48 [gnoll/+0 halberd (5)]
  2501 | D:4      | Killed an ogre
  2501 | D:4      | Reached skill level 7 in Axes
  2501 | D:4      | Reached XP level 6. HP: 2/56 MP: 5/5
  3130 | D:4      | Found a radiant altar of Vehumet.
  3138 | D:4      | Found Guhurec's Antique Weapon Emporium.
  3169 | D:4      | Reached skill level 8 in Axes
  3271 | D:4      | Found a staircase to the Ecumenical Temple.
  3511 | D:5      | Entered Level 5 of the Dungeon
  3549 | D:5      | Noticed Grinder
  3557 | D:5      | Reached XP level 7. HP: 57/64 MP: 6/6
  3584 | D:5      | Killed Grinder
  3584 | D:5      | Reached skill level 9 in Axes
  3990 | D:5      | Noticed Menkaure
  4239 | D:5      | Killed Menkaure
  4239 | D:5      | Reached XP level 8. HP: 42/73 MP: 7/7
  4346 | D:5      | Reached skill level 10 in Axes
  4484 | D:5      | Reached **** piety under Trog
  5398 | D:6      | Found an ancient bone altar of Kikubaaqudgha.
  5614 | D:6      | Reached skill level 11 in Axes
  5939 | D:6      | Found a burning altar of Makhleb.
  5982 | D:7      | Reached XP level 9. HP: 82/82 MP: 8/8
  5997 | D:7      | Found a glowing silver altar of Zin.
  5998 | D:7      | Noticed an angel
  6000 | D:7      | Found a shimmering altar of Xom.
  6311 | D:7      | Reached skill level 12 in Axes
  7124 | D:7      | Reached skill level 13 in Axes
  7278 | D:7      | Reached skill level 10 in Fighting
  7434 | D:8      | Noticed Prince Ribbit
  7442 | D:8      | Killed Prince Ribbit
  7467 | D:8      | Reached ***** piety under Trog
  7477 | D:8      | Noticed Psyche
  7490 | D:8      | Killed Psyche
  7490 | D:8      | Reached XP level 10. HP: 62/94 MP: 9/9
  7573 | D:8      | Found the +9 scales of the Dragon King {rPois rF+ rC+ MR+}
  7625 | D:8      | Reached skill level 14 in Axes
  7638 | D:8      | Received a gift from Trog
  7766 | D:8      | Got a smoking executioner's axe {god gift}
  7772 | D:8      | Identified the +10 executioner's axe "Zotwor" {drain, rF+
                  | Int+3} (Trog gifted it to you on level 8 of the Dungeon)
  7953 | D:8      | Found a blossoming altar of Fedhas.
  8179 | D:9      | Noticed a two-headed ogre
  8183 | D:9      | Killed a two-headed ogre
  8217 | D:9      | Found an ancient bone altar of Kikubaaqudgha.
  8286 | D:9      | Reached skill level 15 in Axes
  8722 | D:9      | Found a basalt altar of Yredelemnul.
  8788 | D:9      | Found a staircase to the Orcish Mines.
  8946 | D:9      | Found a shattered altar of Ashenzari.
  8951 | D:9      | Found a white marble altar of Elyvilon.
  8962 | D:9      | Found a shimmering blue altar of Sif Muna.
  9035 | D:10     | Entered Level 10 of the Dungeon
  9087 | D:10     | Noticed Erica
  9094 | D:10     | Killed Erica
  9197 | D:10     | Reached XP level 11. HP: 94/104 MP: 10/10
  9262 | D:10     | Reached skill level 16 in Axes
 10531 | D:11     | Noticed a two-headed ogre
 10539 | D:11     | Killed a two-headed ogre
 10675 | D:11     | Reached skill level 17 in Axes
 10692 | D:11     | Found a staircase to the Lair.
 11136 | D:11     | Found a shattered altar of Ashenzari.
 11497 | Lair:1   | Entered Level 1 of the Lair of Beasts
 11751 | Lair:1   | Noticed Fannar
 11760 | Lair:1   | Killed Fannar
 12121 | Lair:1   | Reached XP level 12. HP: 115/115 MP: 11/11
 12479 | Lair:1   | Noticed a six-headed hydra
 12483 | Lair:1   | Killed a seven-headed hydra
 12483 | Lair:1   | Reached skill level 18 in Axes
 12840 | Lair:2   | Noticed a six-headed hydra
 12849 | Lair:2   | Killed an 11-headed hydra
 13072 | Lair:2   | Found a runed translucent door.
 13363 | Lair:2   | Noticed a six-headed hydra
 13367 | Lair:2   | Killed a nine-headed hydra
 13687 | Lair:2   | Noticed a seven-headed hydra
 13693 | Lair:2   | HP: 1/117 [11-headed hydra (10)]
 13694 | Lair:2   | Killed a 12-headed hydra
 13694 | Lair:2   | Reached skill level 19 in Axes
 14150 | Lair:2   | Noticed nightchill's ghost (journeyman GrEE)
 14337 | Lair:2   | Killed nightchill's ghost
 14497 | Lair:3   | Noticed Gastronok
 14506 | Lair:3   | Killed Gastronok
 14687 | Lair:3   | Received a gift from Trog
 15402 | Lair:4   | Found a staircase to the Snake Pit.
 15547 | Lair:4   | Found a staircase to the Swamp.
 15671 | Lair:4   | Reached skill level 15 in Fighting
 15671 | Lair:4   | Reached XP level 13. HP: 103/126 MP: 12/12
 15721 | Lair:4   | Reached skill level 20 in Axes
 16167 | Orc:1    | Entered Level 1 of the Orcish Mines
 16167 | Orc:1    | Found a roughly hewn altar of Beogh.
 16178 | Orc:1    | Found Zan Xego's Antique Weapon Shoppe.
 16264 | Orc:1    | Noticed Jabu's ghost (journeyman DsFi)
 16276 | Orc:1    | Found a transporter.
 16391 | Orc:1    | Found a transporter.
 16474 | Orc:1    | Gained mutation: You are frail. (-10% HP) [a neqoxec]
 16477 | Orc:1    | Slain by Jabu's ghost

Levels and vault maps discovered:
D:1:      lemuel_arrival_room, layout_basic, minmay_quantized
D:2:      layout_rooms, okawaru_ov_weapons_minmay, fountainhead, uniq_natasha,
          uniq_robin
D:3:      layout_basic, grunt_qazlal_clouds
D:4:      layout_rooms, fiery_altar_vehumet, minmay_temple_entry_gardened_gates,
          serial_shops, nicolae_shop_behind_doors
D:5:      layout_loops_corners, first_ration, small_statue_intersection,
          uniq_grinder, uniq_menkaure
D:6:      layout_basic, kennysheep_mini_moat, kennysheep_mini,
          serial_corexii_hall, chequers_hall_statues_corner_a,
          chequers_hall_statues_wall_a
D:7:      layout_loops_corners, grunt_temple_overflow_order_and_chaos_1,
          serial_co_window_serial, co_window_corner_a,
          co_window_of_opportunity_a, co_window_of_opportunity_a,
          co_window_cross_1, co_window_corner_a, co_window_corner_b,
          co_window_of_opportunity_b, co_window_of_opportunity_b,
          co_window_paths_e, co_window_4corner_b, glass_columns_a,
          glass_columns_c, glass_columns_a, glass_columns_a, glass_columns_c,
          the_bakery, kennysheep_generic_room_12
D:8:      layout_loops_ring, fedhas_altar_1, uniq_prince_ribbit1, uniq_psyche
D:9:      layout_big_octagon, nicolae_overflow_hidden_temple,
          minmay_overflow_temple_star_quad, hiddenorc1_lemuel, tgw_kikubaaqudgha
D:10:     layout_irregular_city, moated_statue, minmay_misc_feat_hallway,
          minmay_joined_circles, uniq_erica
D:11:     layout_cave_pods, david_lair_generic, basic_altar,
          minmay_misc_feat_tiny
Lair:1:   layout_layer_cave, minmay_stone_trees_small, beast_lair_carwin_2,
          uniq_fannar
Lair:2:   cheibrodos_lair_overgrown_chateau, layout_chaotic_city,
          gammafunk_ghost_grave, st_stairs_7, infiniplex_staircase_pool_2
Lair:3:   layout_concentric_octagons, columned_hall_lemuel,
          nicolae_quartered_pool_medium, uniq_gastronok
Lair:4:   layout_roguey, swamp_mist, guppyfry_snake_entry_garden, serial_bayou,
          serial_bayou_lake_a, serial_bayou_shore_a, serial_bayou_pond_d,
          serial_bayou_shore_b, lemuel_fruit_fields
Orc:1:    layout_caves, serial_shops, shop, gammafunk_ghost_stat_death,
          basic_altar

Skill      XL: |  1  2  3  4  5  6  7  8  9 10 11 12 13 |
---------------+----------------------------------------+-----
Axes           | 4 5 6 7 8 9 11 13 15 17 19 20 | 20.1
Fighting       | 4 5 6 7 8 10 12 13 15 | 15.2
Armour         | |  2.4
Dodging        | |  2.1

Action                   |  1- 3 |  4- 6 |  7- 9 | 10-12 | 13-15 || total
-------------------------+-------+-------+-------+-------+-------++-------
Melee: Hand axe          |    68 |   178 |   118 |       |       ||   364
       Headbutt          |    11 |    31 |    59 |    65 |     7 ||   173
       War axe           |       |       |   110 |    20 |       ||   130
       Battleaxe         |       |       |    22 |       |       ||    22
       Executioner's axe |       |       |       |   325 |    33 ||   358
Invok: Berserk           |     1 |     2 |       |     3 |     2 ||     8
       Trog's Hand       |       |     1 |     2 |     5 |     2 ||    10
  Use: Scroll            |       |     5 |     5 |     7 |     1 ||    18
       Potion            |       |     1 |       |     1 |       ||     2
  Eat: Chunk             |     1 |    10 |     7 |    26 |     4 ||    48
       Ration            |       |       |     2 |     2 |       ||     4
Armor: Animal skin       |     2 |       |       |       |       ||     2
       Leather armour    |    10 |     7 |       |       |       ||    17
       Chain mail        |       |    46 |    97 |    81 |       ||   224
       Plate armour      |       |       |       |   156 |    56 ||   212
Dodge: Dodged            |    47 |    74 |    74 |   163 |    27 ||   385
Block: Buckler           |       |    41 |    66 |     8 |       ||   115
